[Event "ONJK DE"]
[Site "Enschede, Netherlands"]
[Date "2022.08.09"]
[Round "4.3"]
[White "Vogels, Mathijs"]
[Black "Verwer, Oscar"]
[Result "0-1"]
[TimeControl "40min + 30sec/move"]
[WhiteElo "1283"]
[BlackElo "1361"]

1. e4 c5 2. Nc3 Nc6 3. g3 g6 4.
Bg2 Bg7 5. d3 e6 6. Be3 d6 7. Qd2 a6 8. Nge2 Nd4 9. O-O Rb8 10. Bxd4 cxd4 11. Nd1 Ne7 12. f4 Qb6 13. Qe1 e5 14.
Qf2 f5 15. Rb1 Be6 16. Ra1 Rc8 17. c3 O-O 18. cxd4 exd4 19. Re1 Nc6 20. Nc1 Nb4 21. Re2 Qb5 22. exf5 Bxf5 23. a4 Qb6 24.
Be4 Bg4 25. Bf3 Bxf3 26. Qxf3 Rfe8 27. Na2 Nxa2 28. Rxa2 Qb3 29. Ra1 Rxe2 30. Qxe2 Rc2 31. Qe8+ Bf8 32. Ra3 Qd5 33. Qe4 Qxe4 34.
dxe4 d5 35. Rf3 dxe4 36. Rf2 d3 37. Rf1 Bc5+ 38. Kh1 e3 39. Re1 e2 40. Nc3 Bf2 41. Rxe2 dxe2 42. Nxe2 Rxe2 43. Kg2 Bc5+ 44. Kf3 Rxb2 45. a5 b6 46.
axb6 Rxb6 47. Kg2 a5 48. Kf3 a4 49. Kg2 a3 50. Kf3 a2 51. Kg2 a1=Q 52. Kh3 Qf1+ 53. Kg4 h5+ 54. Kg5 Be7+ 55.
Kh6 g5+ 56. Kxh5 Qh3# 0-1

[Event "ONJK DE"]
[Site "Enschede, Netherlands"]
[Date "2022.08.09"]
[Round "4.4"]
[White "Terlouw, Wouter"]
[Black "Peeters, Yumi"]
[Result "1-0"]
[TimeControl "40min + 30sec/move"]
[WhiteElo "1720"]
[BlackElo "1213"]

1. d4 d5 2. c4 c6 3. Nc3 Nf6 4. Nf3 Bf5 5. cxd5 cxd5 6. Qb3 Qb6 7. Nxd5 Qxb3 8. Nxf6+ exf6 9. axb3 Bd6 10.
e3 O-O 11. Bc4 Nc6 12. Bd2 Rfe8 13.
Rc1 Nb4 14. O-O Nd3 15. Bxd3 Bxd3 16. Rfe1 Re4 17. Rc3 Bb5 18. Rec1 Bc6 19. Be1 Rg4 20. h3 Rg6 21. Nh4 Rg5 22.
e4 Bf4 23. R1c2 h6 24. d5 Bd7 25. Bd2 Rh5 26. Nf3 Be5 27. Nxe5 Rxe5 28. Rc7 Bb5 29. Rxb7 Bd3 30. Rcc7 Bxe4 31.
Rxf7 Rxd5 32. Rxg7+ Kh8 33. f3 Bxf3 34. Rh7+ Kg8 35. Rbg7+ Kf8 36. Bb4+ 1-0

[Event "ONJK DE"]
[Site "Enschede, Netherlands"]
[Date "2022.08.09"]
[Round "4.5"]
[White "Gang, Kevin Wan Ze"]
[Black "Breider, Jayden"]
[Result "1/2-1/2"]
[TimeControl "40min + 30sec/move"]
[WhiteElo "1105"]
[BlackElo "1350"]

1. e4 c5 2. d4 cxd4 3. c3 e5 4. Nf3 Nc6 5. cxd4 exd4 6. Nxd4 Bb4+ 7. Nc3 Nf6 8. Nxc6 bxc6 9. Bg5 d6 10. Bc4 O-O 11. O-O Be6 12.
Qb3 Bxc4 13. Qxc4 Bxc3 14. Qxc3 Nxe4 15. Bxd8 Nxc3 16. Be7 Rfe8 17. Bxd6 Ne4 18. Bg3 Rad8 19. Rad1 Nxg3 20. fxg3 f6 21. Kf2 Kf7 22. Rfe1 Rxe1 23.
Kxe1 Rxd1+ 24. Kxd1 Ke6 25. Kd2 Kd5 26. Kd3 a5 27. a4 Kc5 28. Kc3 f5 29. h3 h5 30. h4 g6 31. b3 Kd5 32. Kd3 c5 33. Kc3 Kd6 34. Kd3 Kd5 35. Kc3 Kd6 36. Kd3 Kc7 37.
Kc4 Kc6 38. Kd3 Kd5 1/2-1/2

[Event "ONJK DE"]
[Site "Enschede, Netherlands"]
[Date "2022.08.09"]
[Round "4.6"]
[White "Katpatal, Akshaj (E)"]
[Black "Peeters, Paul (E)"]
[Result "1-0"]
[TimeControl "40min + 30sec/move"]
[WhiteElo "1874"]
[BlackElo "1138"]

1. e4 e5 2. Nf3 Nc6 3. Bc4 Bc5 4.
d3 Nf6 5. Nc3 d6 6. Bg5 h6 7. Be3 Bb6 8. Qd2 a6 9. d4 exd4 10. Nxd4 Nxd4 11. Bxd4 Ba5 12. f3 O-O 13. O-O c5 14.
Bxf6 Qxf6 15. Rad1 Bxc3 16. Qxc3 Qxc3 17. bxc3 b5 18. Be2 Rd8 19. c4 b4 20. e5 Bf5 21. exd6 Bxc2 22. Rd5 Rac8 23.
Rc1 Bg6 24. Rcd1 Rd7 25. f4 Be4 26. Re5 f5 27. g4 g6 28. gxf5 Bxf5 29. Bf3 Rcd8 30. Red5 Bc2 31. R1d2 Bf5 32.
Bd1 Be6 33. Rxc5 Rxd6 34. Rxd6 Rxd6 35. Bc2 Kg7 36. Rc7+ Bf7 37. f5 gxf5 38. Bxf5 Rd1+ 39. Kf2 Rd6 40. Be4 Kf6 41. Ke3 Re6 42. Kd4 Bg6 43. Bxg6 Kxg6 44.
Kc5 a5 45. Ra7 Re5+ 46. Kd4 Rf5 47. c5 Rf2 48. Rxa5 Rxh2 49. c6 Rc2 50. Rc5 Rd2+ 51. Ke5 Re2+ 52. Kd6 Rf2 53. c7 Rf6+ 54.
Ke5 Rf5+ 55. Kd4 Rf4+ 56. Ke3 Rf8 57. c8=Q Rxc8 58. Rxc8 h5 59. Rc4 Kg5 60. Rxb4 h4 61. Rxh4 Kxh4 62. a4 Kg5 63. a5 Kf6 64. a6 Ke5 65. a7 Ke6 66. a8=Q Kd7 67. Qa6 Kd8 68. Qb7 Ke8 69. Qc7 Kf8 70. Qd7 Kg8 71.
Ke4 Kh8 72. Ke5 Kg8 73. Kf6 Kh8 74. Qg7# 1-0

[Event "ONJK DE"]
[Site "Enschede, Netherlands"]
[Date "2022.08.09"]
[Round "4.7"]
[White "Leenen, Boyd (E)"]
[Black "Thijssen, Freek (E)"]
[Result "1/2-1/2"]
[TimeControl "40min + 30sec/move"]
[WhiteElo "1417"]
[BlackElo "1484"]

1. e4 e5 2. Nf3 Nc6 3. Bc4 Bc5 4. Nc3 Nf6 5. d3 h6 6. Be3 Bb6 7. h3 d6 8. Bb3 Be6 9. O-O O-O 10.
Re1 Qd7 11. Qd2 Rfe8 12. Rad1 Rad8 13. d4 exd4 14. Bxd4 Nxd4 15. Nxd4 Bxd4 16. Qxd4 Bxb3 17. axb3 b6 18. Nd5 Nxd5 19. Qxd5 Re5 20. Qd4 Rde8 21. Rd3 f5 22. Rde3 fxe4 23.
Rxe4 Qf5 24. Rxe5 Rxe5 25. Rxe5 Qxe5 26. Qc4+ d5 27. Qc3 Qxc3 28. bxc3 a5 29. Kf1 b5 30. Ke1 c5 31. c4 dxc4 32.
bxc4 b4 33. Kd1 a4 34. Kc1 Kf7 35.
f4 h5 36. g4 Kf6 37. Kb2 Ke6 38. Ka2 Kd6 39. Kb2 Ke6 40. Ka2 g5 41. f5+ Kd7 1/2-1/2

[Event "ONJK DE"]
[Site "Enschede, Netherlands"]
[Date "2022.08.09"]
[Round "4.8"]
[White "Koppenens, Oscar (E)"]
[Black "Rudolph, Simon (E)"]
[Result "1-0"]
[TimeControl "40min + 30sec/move"]
[WhiteElo "1266"]
[BlackElo "996"]

1. e4 Nf6 2. e5 Nd5 3. c4 Nb6 4. d4 d6 5. f4 dxe5 6. fxe5 Bf5 7. Nf3 e6 8. Nc3 Nc6 9. Be3 Be7 10. Be2 O-O 11. O-O f6 12. Qb3 Na5 13. Qd1 Naxc4 14. Qc1 Nxe3 15. Qxe3 fxe5 16.
Nxe5 Rc8 17. g4 Bg6 18. Rxf8+ Bxf8 19. Nxg6 hxg6 20. Qxe6+ Kh8 21. Rd1 Qf6 22. Qe3 c5 23. Ne4 Qe6 24.
Qh3+ Kg8 25. Ng5 Qe3+ 26. Qxe3 cxd4 27. Qb3+ Nd5 28. Qxd5+ Kh8 29. Rd3 Rc1+ 30. Kf2 Rc3 31. bxc3 1-0

[Event "ONJK DE"]
[Site "Enschede, Netherlands"]
[Date "2022.08.10"]
[Round "5.1"]
[White "Groenewoud, Joel"]
[Black "Declerck, Adriaan"]
[Result "1-0"]
[TimeControl "40min + 30sec/move"]
[WhiteElo "1497"]
[BlackElo "1371"]

1. e4 e6 2. c4 d5 3. cxd5 exd5 4.
Qb3 dxe4 5. Bc4 Qe7 6. Nc3 Nd7 7. Nd5 Qe5 8. d4 exd3+ 9. Be3 Nc5 10. Qc3 d2+ 11. Qxd2 Ne6 12. Nf3 Qd6 13.
O-O-O c6 14. Qc2 Qb8 15. Rhe1 Bd6 16. Bd4 Ne7 17. Nxe7 Bxe7 18. Be5 Nc7 19. Bd6 Be6 20. Bxe6 Bxd6 21. Bxf7+ Kxf7 22. Ng5+ Kf6 23.
Rxd6+ Kxg5 24. Re5+ Kf4 25. Qe4# 1-0

[Event "ONJK DE"]
[Site "Enschede, Netherlands"]
[Date "2022.08.10"]
[Round "5.2"]
[White "Rooijakkers, Liam"]
[Black "Terlouw, Wouter"]
[Result "0-1"]
[TimeControl "40min + 30sec/move"]
[WhiteElo "1266"]
[BlackElo "1720"]

1. e4 c5 2. Nc3 Nc6 3. f4 g6 4. Nf3 Bg7 5. Bc4 e6 6. d3 Nge7 7. O-O O-O 8. Qe1 d5 9. Bb3 Nd4 10.
Qh4 dxe4 11. dxe4 Nec6 12. Qxd8 Rxd8 13. Be3 b6 14. e5 Bb7 15. Bxd4 Nxd4 16. Nxd4 Rxd4 17. Rad1 Ba6 18. Rfe1 Rxf4 19.
Rd7 Bxe5 20. g3 Bd4+ 21. Kg2 Rf2+ 22. Kh1 Bxc3 23. bxc3 c4 24. Ba4 b5 25. Rd6 Bb7+ 26. Kg1 Rf5 27.
Rd7 Rb8 28. Rb1 a6 29. Rb4 Rd5 30. Rc7 Rdd8 31. Bxb5 axb5 32. Rxb5 Bd5 33. Rb4 Rxb4 34. cxb4 Ra8 35. b5 Rxa2 36.
b6 Rb2 37. Rc8+ Kg7 38. Rb8 Rxc2 39. Kf1 Rb2 40. Ke1 c3 41. Kd1 Bb3+ 42. Ke1 c2 43. Kd2 Rb1 44. Rc8 Bd5 45. Rxc2 Rxb6 46.
Rc7 Rb2+ 47. Rc2 Rxc2+ 48. Kxc2 e5 49. Kd3 f5 50. Ke3 g5 51. h3 f4+ 52. gxf4 gxf4+ 53. Kf2 e4 0-1

[Event "ONJK DE"]
[Site "Enschede, Netherlands"]
[Date "2022.08.10"]
[Round "5.3"]
[White "Verwer, Oscar"]
[Black "Frederiks, Jesse"]
[Result "1/2-1/2"]
[TimeControl "40min + 30sec/move"]
[WhiteElo "1361"]
[BlackElo "1302"]

1. e4 e6 2. Nf3 d5 3. e5 c5 4.
b4 Nc6 5. bxc5 Bxc5 6. d4 Bb6 7. c3 Nge7 8. Bd3 Bd7 9. O-O Rc8 10. Bd2 Ng6 11. Na3 Nce7 12. Rc1 O-O 13. Ne1 Ba5 14. f4 f5 15. Nb5 Bxb5 16.
Bxb5 a6 17. Be2 Kh8 18. c4 Bxd2 19. Qxd2 Qd7 20. Nf3 Rc7 21. cxd5 Nxd5 22. Rxc7 Qxc7 23. Rc1 Qb6 24. g3 Nge7 25.
Bd3 Nc6 26. Rb1 Qa7 27. Qb2 Rb8 28. Bc4 Nce7 29. Ng5 b5 30. Nxe6 Rb6 31. Bxd5 Nxd5 32. Qb3 Rxe6 33. Qxd5 Re8 34.
Rd1 Qc7 35. Qb3 Qb6 36. Kf1 b4 37. Qf7 Qb5+ 38. Ke1 Qc6 39. Qxf5 Qh1+ 40. Kd2 Qg2+ 41. Kc1 Qc6+ 42. Qc2 Qa8 43.
d5 Rc8 44. Qxc8+ Qxc8+ 45. Kb1 Qf5+ 46. Kb2 Qe4 47. Rd2 Qc4 48. Rc2 Qd4+ 49. Kb1 Kg8 50. d6 Qd3 51. e6 Qd1+ 52. Kb2 Qd4+ 53.
Kb1 Qd1+ 54. Kb2 Qd4+ 1/2-1/2

[Event "ONJK DE"]
[Site "Enschede, Netherlands"]
[Date "2022.08.10"]
[Round "5.4"]
[White "Meert, Maarin"]
[Black "Decraene, Lotus"]
[Result "1/2-1/2"]
[TimeControl "40min + 30sec/move"]
[WhiteElo "1299"]
[BlackElo "1332"]

1. c4 c5 2. Nc3 d6 3. Nf3 g6 4. e3 Bg7 5. d4 cxd4 6. exd4 Nc6 7. Be3 e5 8. d5 Nce7 9. Bd3 f5 10.
Bc2 Nf6 11. O-O b6 12. Re1 O-O 13. a3 Bb7 14. Ng5 Bc8 15. f4 Ng4 16. fxe5 Nxe5 17. Bd4 Nxd5 18. Bxe5 Nxc3 19. bxc3 Bxe5 20. Qd5+ Kg7 21. Qxa8 Bxc3 22.
Nf3 Bxa1 23. Rxa1 Qc7 24. Qd5 Bb7 25. Qd4+ Kg8 26. Bb3 Qc5 27. Qxc5 dxc5 28. Rd1 Bxf3 29. gxf3 Rf7 30. Ba4 Kg7 31.
Rd7 Rxd7 32. Bxd7 Kf6 33. f4 h6 34.
h4 g5 35. hxg5+ hxg5 36. fxg5+ Kxg5 37. Kf2 Kf4 38. Ke2 Ke4 39. Bc6+ Kf4 40. Kf2 Ke5 41. Ke3 f4+ 42. Kd3 Kf5 43. Bf3 Ke5 44. Bg4 a6 45. a4 Kd6 46.
Ke4 Kc6 47. Kxf4 1/2-1/2

[Event "ONJK DE"]
[Site "Enschede, Netherlands"]
[Date "2022.08.10"]
[Round "5.5"]
[White "Dijkhuijsen, Thomas"]
[Black "Vogels, Mathijs"]
[Result "1-0"]
[TimeControl "40min + 30sec/move"]
[WhiteElo "1306"]
[BlackElo "1283"]

1. e4 e5 2. Nf3 Nc6 3. d4 exd4 4. Nxd4 Bc5 5. Be3 Qf6 6. c3 Nge7 7. Bc4 Ne5 8. Nd2 Nxc4 9. Nxc4 d5 10.
exd5 Nxd5 11. O-O O-O 12. Nc2 Nxe3 13. N2xe3 Qg5 14. Qd5 Bxe3 15. Nxe3 Qxd5 16. Nxd5 c6 17. Ne7+ Kh8 18. Rfe1 Be6 19. f4 Rfe8 20. f5 Rxe7 21. fxe6 Rxe6 22. Rxe6 fxe6 23.
Rd1 g6 24. Rd7 b6 25. Rd6 c5 26. Rxe6 Rd8 27. Kf1 Kg8 28. Re7 a6 29. Re6 Rb8 30. Ke2 Kf7 31. Rc6 Rb7 32. Kd3 Ke7 33.
Kc4 Kd7 34. Kd5 Ke7 35. a4 a5 36. Kc4 Rd7 37. Rxb6 Rd2 38. Kxc5 Rxg2 39. b4 Rxh2 40. bxa5 g5 41. a6 Rh4 42.
c4 Rf4 43. a7 Rf5+ 44. Kb4 Rf8 45. Rb8 Rxb8+ 46. axb8=Q g4 47. Qf4 h5 48. Qg5+ Kd7 49. Qxh5 g3 50. Qg4+ Kc7 51. Qxg3+ Kb7 52. Qd6 Ka7 53. Qc6 Kb8 54.
Qd7 Ka8 55. Kb5 1-0

[Event "ONJK DE"]
[Site "Enschede, Netherlands"]
[Date "2022.08.10"]
[Round "5.6"]
[White "Leenen, Boyd (E)"]
[Black "Katpatal, Akshaj (E)"]
[Result "0-1"]
[TimeControl "40min + 30sec/move"]
[WhiteElo "1417"]
[BlackElo "1874"]

1. e4 c5 2. Nf3 d6 3. d4 cxd4 4. Bb5+ Nc6 5. Nxd4 Bd7 6. Bxc6 bxc6 7. Nc3 Nf6 8. Be3 e6 9. Qd2 Be7 10.
f3 c5 11. Nde2 Bc6 12. O-O O-O 13. Bf2 d5 14. exd5 exd5 15. Ng3 d4 16. Nce4 Nxe4 17. Nxe4 f5 18. Ng3 Bg5 19. Qd3 Qd7 20.
a4 Rae8 21. Rfe1 Qd5 22. b3 g6 23. Rad1 Bb7 24. c3 Rxe1+ 25. Bxe1 Qxb3 26. cxd4 Qxd3 27. Rxd3 Ba6 28. Rd1 cxd4 29.
Bf2 d3 30. Bxa7 Rc8 31. Kf2 d2 32. Be3 f4 33. Bxd2 fxg3+ 34. Kxg3 Bxd2 35. Rxd2 Ra8 36. Ra2 Bb5 37. a5 Kf7 38.
Kf4 Ke6 39. Ke4 Kd6 40. Kd4 Kc6 41. Rc2+ Kb7 42. Ra2 Ka6 43. h3 Re8 44. h4 Re1 45. f4 Rg1 46. Ke5 Bc6 47. Kf6 Be4 48.
Re2 Bf5 49. h5 Kxa5 50. hxg6 hxg6 51. Ke5 Kb5 52. Kd4 Kc6 53. Ke3 Kd5 54. Rd2+ Ke6 55. Kf3 Ra1 56. Kg3 Ra3+ 57. Kh2 Be4 58. g4 Kf6 59. Rd4 Bf3 60.
f5 Ke5 61. Rb4 g5 62. Rb5+ Kf4 63. Rb4+ Be4 64. Kg1 Kg3 65. Kf1 Bf3 66. Ke1 Bxg4 67. f6 Re3+ 68. Kd2 Rf3 69. Rb6 Bh5 70.
Rb5 Kh4 71. Rb4+ g4 72. Rb6 g3 73. Rb1 g2 74. Rg1 Kg3 75. f7 Bxf7 76. Ke1 Bc4 77. Rxg2+ Kxg2 78. Kd1 Rf2 79. Kc1 Bd3 80. Kd1 Kf3 81. Ke1 Ke3 82. Kd1 Rf1# 0-1

[Event "ONJK DE"]
[Site "Enschede, Netherlands"]
[Date "2022.08.10"]
[Round "5.7"]
[White "Peeters, Paul"]
[Black "Koppenens, Oscar"]
[Result "0-1"]
[TimeControl "40min + 30sec/move"]
[WhiteElo "1138"]
[BlackElo "1266"]

1. e4 e6 2. d4 d5 3. exd5 exd5 4. Nf3 Bd6 5. Bd3 Ne7 6. O-O O-O 7. c3 c6 8. h3 Bf5 9. Ne5 f6 10.
Bxf5 Nxf5 11. Nd3 Qc7 12. Qg4 g6 13. Bf4 Nd7 14. Nd2 Nb6 15. g3 Bxf4 16. Nxf4 Rfe8 17. Rfe1 Kf7 18. Nh5 Re7 19.
Nf4 Rae8 20. Rxe7+ Rxe7 21. h4 Nd6 22. h5 g5 23. Nd3 h6 24. Nc5 Nd7 25. Ndb3 b6 26. Nxd7 Qxd7 27. Qxd7 Rxd7 28.
Re1 Re7 29. Rxe7+ Kxe7 30. Nd2 c5 31.
a4 cxd4 32. cxd4 b5 33. b3 a6 34.
g4 Ne4 35. Nxe4 dxe4 36. Kf1 bxa4 37. bxa4 Ke6 38. Ke2 Kd5 39. Ke3 a5 40. Ke2 Kxd4 41. Kd2 Kc4 42. Ke3 Kb4 43. Kxe4 Kxa4 44.
f4 Kb5 45. fxg5 fxg5 46. Kf5 a4 47. Kg6 a3 48. Kxh6 a2 49. Kxg5 a1=Q 50. h6 Qh8 51. Kg6 Kc6 52. g5 Kd7 53. Kf7 Qh7 54. Kf6 Ke8 55.
Ke5 Kf7 56. Kf4 Kg6 57. Kg4 Qe7 58. Kh4 Qxg5+ 59. Kh3 Kxh6 60. Kh2 Qg4 61. Kh1 Kg5 62. Kh2 Kf4 63. Kh1 Kf3 64. Kh2 Qg2+ 0-1

[Event "ONJK DE"]
[Site "Enschede, Netherlands"]
[Date "2022.08.10"]
[Round "5.8"]
[White "Thijssen, Freek (E)"]
[Black "Tetova, Amir"]
[Result "1-0"]
[TimeControl "40min + 30sec/move"]
[WhiteElo "1484"]
[BlackElo "1154"]

1. e4 c5 2. Nf3 d6 3. Bb5+ Bd7 4. Bxd7+ Nxd7 5. d4 cxd4 6. Nxd4 e5 7. Nf3 Ngf6 8. Nc3 Be7 9. O-O O-O 10.
Bg5 h6 11. Bxf6 Nxf6 12. Qd3 Nh5 13. Nd5 Bf6 14. Rad1 Nf4 15. Nxf6+ Qxf6 16. Qxd6 Qxd6 17. Rxd6 Rfe8 18. Rfd1 Nh5 19. R1d5 f6 20. g3 g5 21. Rd7 b6 22. Rb7 Rec8 23.
c3 g4 24. Nh4 Ng7 25. Rdd7 Ne6 26. Nf5 Nc5 27. Rg7+ Kf8 28. Rgf7+ 1-0

[Event "ONJK DE"]
[Site "Enschede, Netherlands"]
[Date "2022.08.10"]
[Round "6.1"]
[White "Van Haaften, Jelle"]
[Black "Groenewoud, Joel"]
[Result "0-1"]
[TimeControl "40min + 30sec/move"]
[WhiteElo "992"]
[BlackElo "1497"]

1. c4 Nf6 2. Nc3 g6 3. g3 Bg7 4.
Bg2 O-O 5. Nf3 d6 6. O-O c6 7. e4 Qa5 8. d3 e5 9. Bd2 Qc7 10. a3 Nh5 11. b4 f5 12. h3 f4 13. g4 Nf6 14.
b5 Nbd7 15. bxc6 bxc6 16. Rb1 Nc5 17. Ne1 h5 18. g5 Nh7 19. h4 Rf7 20. Na4 Ne6 21. Bh3 Nd4 22. Bxc8 Qxc8 23. f3 Nf8 24. c5 Nfe6 25. cxd6 Bf8 26.
Bb4 c5 27. Bd2 Bxd6 28. Nc3 c4 29.
Nd5 Bc5 30. Kg2 Nb3 31. dxc4 Nxd2 32. Qxd2 Bxa3 33. Qc3 Bd6 34. Nd3 Nd4 35. Rfe1 Nxf3 36. Nf6+ Rxf6 37. gxf6 Qg4+ 38. Kf2 Qg3+ 39.
Ke2 Nxe1 40. Rxe1 Rb8 41. Kd2 Qxh4 42. c5 Bf8 43. Nxe5 Rd8+ 44. Kc1 Qxf6 45. Qb3+ Kg7 46. Qb7+ Be7 47.
Qc7 Kg8 48. Rg1 g5 49. Nc6 Qc3+ 50. Kb1 Qb3+ 51. Kc1 Qc3+ 52. Kb1 Qd3+ 53. Kc1 Qe3+ 54. Kb2 Rd2+ 0-1

[Event "ONJK DE"]
[Site "Enschede, Netherlands"]
[Date "2022.08.10"]
[Round "6.2"]
[White "Terlouw, Wouter"]
[Black "Dijkhuijsen, Thomas"]
[Result "1-0"]
[TimeControl "40min + 30sec/move"]
[WhiteElo "1720"]
[BlackElo "1306"]

1. d4 Nf6 2. c4 e6 3. g3 Be7 4. Bg2 d5 5. Nf3 Nbd7 6. O-O O-O 7. Bf4 c5 8. Be5 Nxe5 9. Nxe5 dxc4 10.
dxc5 Bxc5 11. Nxc4 Qe7 12. Nc3 Rb8 13. Qc2 b5 14. Ne5 Qd6 15. Nd3 Bd7 16. Rac1 Bb6 17. Rfd1 Qc7 18. Qb1 Qd8 19.
Ne5 Qe7 20. Ne4 Nxe4 21. Bxe4 Rfd8 22. Bxh7+ Kh8 23. Be4 Be8 24. e3 Qg5 25. Nf3 Qh5 26. Kg2 f5 27. Rxd8 Rxd8 28. Bc6 Rd6 29. Bxe8 Qxe8 30. Qc2 Qa8 31. Qc8+ Qxc8 32. Rxc8+ Kh7 33.
Kf1 Kh6 34. Ke2 Kg6 35. h4 Bd8 36. Nd4 a6 37. Nxe6 Bf6 38. Nf4+ Kh7 39. Nd3 Rb6 40. b3 Kh6 41. Nf4 Kh7 42.
Rc5 g6 43. Nd5 Rd6 44. Nxf6+ Rxf6 45. a4 bxa4 46. bxa4 Kh6 47. Rc7 Rb6 48. Ra7 Kh5 49. Rh7+ Kg4 50. Kf1 Kf3 51. Ke1 Rb1+ 52.
Kd2 Kxf2 53. h5 gxh5 54. Rxh5 Kxg3 55. Rxf5 Rb4 56. Ra5 Rb6 57. Kd3 Re6 58. e4 Kf3 59. Rf5 Kg4 60. Kd4 Rd6+ 61.
Rd5 Re6 62. e5 Kf4 63. Ra5 Kf5 64. Rc5 Kf4 65. Rc1 Kg5 66. Kd5 Re8 67. Rc6 Kf5 68. Rf6 Kg5 69. Rxa6 Rd8+ 70. Ke6 Rh8 71.
Kd6 Re8 72. e6 Kf6 73. Kd5 Re7 74. a5 Rb7 75. Rb6 Rh7 76. e7+ Kf7 77. e8=Q+ Kxe8 78. Rb8+ Kf7 79. Rb7+ Kg6 80. Rxh7 Kxh7 81.
a6 Kg7 82. a7 Kf7 83. a8=Q Ke7 84. Qc6 Kf7 85. Ke5 Kg7 86. Qf6+ Kg8 87. Qe7 Kh8 88. Kf6 Kg8 89. Qg7# 1-0

[Event "ONJK DE"]
[Site "Enschede, Netherlands"]
[Date "2022.08.10"]
[Round "6.3"]
[White "Declerck, Adriaan"]
[Black "Breider, Jayden"]
[Result "0-1"]
[TimeControl "40min + 30sec/move"]
[WhiteElo "1371"]
[BlackElo "1350"]

1. f4 e5 2. fxe5 d6 3. Nf3 dxe5 4. Nxe5 Qh4+ 5. g3 Qe4 6. Nf3 Bd6 7. Nc3 Qg6 8. Bg2 Ne7 9. e4 Nbc6 10.
O-O Bg4 11. d4 O-O 12. Qd3 Bb4 13. a3 Bxc3 14. bxc3 f5 15. Nh4 Qh5 16. h3 Be2 17. Bf3 Bxd3 18. Bxh5 Bxf1 19. Kxf1 fxe4+ 20. Kg2 Rad8 21. Bb2 g5 0-1

[Event "ONJK DE"]
[Site "Enschede, Netherlands"]
[Date "2022.08.10"]
[Round "6.4"]
[White "Verwer, Oscar"]
[Black "Meert, Maarin"]
[Result "1-0"]
[TimeControl "40min + 30sec/move"]
[WhiteElo "1361"]
[BlackElo "1299"]

1. e4 e6 2. Nf3 d5 3. e5 c5 4. b4 c4 5. c3 a6 6. d3 b5 7. a3 Nc6 8. a4 Bd7 9. Be2 Be7 10.
O-O f6 11. d4 fxe5 12. dxe5 Rb8 13. a5 Qc7 14. Bf4 Bd8 15. Bg3 Nge7 16. Na3 Nf5 17. Bf4 O-O 18. Qd2 Be8 19. Nc2 Bg6 20.
Ncd4 Ncxd4 21. Nxd4 Nxd4 22. Qxd4 Qf7 23. Be3 Bc7 24. f4 Be4 25. Rf2 Rb7 26. Bf3 Bxf3 27. Rxf3 Qg6 28. Raf1 Bd8 29.
f5 Rxf5 30. Rxf5 exf5 31. Qxd5+ Rf7 32. Qxd8+ Rf8 33. Qd5+ Rf7 34. e6 Re7 35. Qd8+ Re8 36. e7 Qf7 37. Rxf5 Qxe7 38. Qxe7 Rxe7 39.
Bc5 Rf7 40. Rxf7 Kxf7 41. Kf2 Ke6 42. Kf3 Kf5 43. Bd4 g6 44. g3 h5 45. h3 g5 46. h4 g4+ 47. Ke3 1-0

[Event "ONJK DE"]
[Site "Enschede, Netherlands"]
[Date "2022.08.10"]
[Round "6.5"]
[White "Decraene, Lotus"]
[Black "Gang, Kevin Wan Ze"]
[Result "1/2-1/2"]
[TimeControl "40min + 30sec/move"]
[WhiteElo "1332"]
[BlackElo "1105"]

1. e4 e5 2. Nf3 Nc6 3. Bc4 Nf6 4. Nc3 Nxe4 5. Nxe4 d5 6. Bd3 dxe4 7. Bxe4 f5 8. Bxc6+ bxc6 9. d3 e4 10.
Bg5 Be7 11. Bxe7 Qxe7 12. dxe4 Qxe4+ 13. Qe2 O-O 14. Qxe4 fxe4 15. Nd4 c5 16. Nb3 Rb8 17. Rb1 c4 18. Nd4 c3 19. O-O cxb2 20.
Nb3 Be6 21. Rxb2 Bxb3 22. cxb3 c5 23. Rc2 Rbc8 24. Rfc1 Rfd8 25. g3 Rd5 26. Rc4 Re5 27. Kf1 Kf7 28. Ke2 Ke6 29. b4 Kd6 30.
Ke3 Rc6 31. b5 Rb6 32. a4 a6 1/2-1/2

[Event "ONJK DE"]
[Site "Enschede, Netherlands"]
[Date "2022.08.10"]
[Round "6.6"]
[White "Katpatal, Akshaj (E)"]
[Black "Rudolph, Simon (E)"]
[Result "1-0"]
[TimeControl "40min + 30sec/move"]
[WhiteElo "1874"]
[BlackElo "996"]

1. e4 Nf6 2. Nc3 d5 3. e5 Nfd7 4. d4 e6 5. Nf3 c5 6. Be3 cxd4 7. Bxd4 Nc6 8. Bb5 Nxd4 9. Qxd4 a6 10.
Bxd7+ Qxd7 11. O-O Be7 12. Na4 Qc7 13. Nc3 O-O 14. Rad1 f6 15. Rfe1 fxe5 16. Qxe5 Qxe5 17. Nxe5 Bd6 18.
Nf3 Re8 19. Nxd5 Rb8 20. h3 b5 21. Nf6+ gxf6 22. Rxd6 Kf7 23. Nd4 Rb7 24. Rd1 Rc7 25. c3 Bb7 26. Re1 Bc8 27. Nc6 e5 28.
Nb4 Ra7 29. Red1 Re6 30. R6d3 a5 31. Nd5 Rc6 32. Ne3 Ke7 33. Rd8 Ke6 34. Rh8 Rcc7 35. Rdd8 Ba6 36. Nd5 Rd7 37. Ne3 Rab7 38.
Ra8 Ra7 39. Rhb8 Kf7 40. Ng4 Rdc7 41. Rf8+ Ke7 42. Rae8+ Kd6 43. Rxf6+ Kc5 44. Rxe5+ Kc4 45. Ne3+ Kd3 46. Rd6+ 1-0

[Event "ONJK DE"]
[Site "Enschede, Netherlands"]
[Date "2022.08.10"]
[Round "6.7"]
[White "Koppenens, Oscar (E)"]
[Black "Los, Evan (E)"]
[Result "1/2-1/2"]
[TimeControl "40min + 30sec/move"]
[WhiteElo "1266"]
[BlackElo "1050"]

1. e4 e5 2. Nf3 Nc6 3.
Bc4 Nf6 4. d4 exd4 5. e5 d5 6. Bb5 Ne4 7. Nxd4 Bd7 8. Bxc6 Bxc6 9. O-O Be7 10. f3 Nc5 11. b4 Ne6 12. Nxc6 bxc6 13.
c3 O-O 14. Be3 f6 15. f4 fxe5 16. fxe5 Rxf1+ 17. Qxf1 Bg5 18. Bxg5 Qxg5 19. Qe1 Nf4 20. Qd2 Qxe5 21. Na3 Ne2+ 22.
Kh1 Qxc3 23. Qxc3 Nxc3 24. Rc1 Nxa2 25. Rxc6 Nxb4 26. Rxc7 Rd8 27. h3 d4 28. Rxa7 d3 29. Nb1 d2 30. Nxd2 Rxd2 31. Ra4 Nc6 32.
Kh2 Ne5 33. Re4 Nf3+ 34. Kg3 Ng5 35.
Rg4 Rd3+ 36. Kf4 Nxh3+ 37. gxh3 Rxh3 38. Kg5 Rf3 39. Ra4 h6+ 40. Kg6 Rf6+ 41. Kh5 Kh7 42. Ra7 Rf5+ 43. Kg4 Rg5+ 44.
Kf4 Rg6 45. Ra5 Rf6+ 46. Kg4 g5 47. Kh5 Rf7 48. Ra6 Rg7 49. Rxh6+ 1/2-1/2

[Event "ONJK DE"]
[Site "Enschede, Netherlands"]
[Date "2022.08.10"]
[Round "6.8"]
[White "Mittal, Aashray (E)"]
[Black "Thijssen, Freek (E)"]
[Result "1/2-1/2"]
[TimeControl "40min + 30sec/move"]
[WhiteElo "1153"]
[BlackElo "1484"]

1. e4 e5 2. Nf3 Nc6 3.
d4 exd4 4. Nxd4 Bc5 5. Nb3 Bb6 6. Nc3 Nf6 7. Bg5 d6 8. Qe2 h6 9. Bh4 Be6 10. O-O-O g5 11. Bg3 Nd7 12. h4 Qe7 13.
hxg5 Qxg5+ 14. Kb1 f6 15. Nd5 Bxd5 16. exd5+ Ne7 17. Re1 Rh7 18. Bh4 Qxd5 19. Qg4 Qf7 20. Bd3 Rg7 21. Qf4 O-O-O 22. Qxh6 Rxg2 23. Qf4 Ng6 24. Qe4 Nxh4 25. Rxh4 Bxf2 26. Rh7 Rg7 27. Rxg7 Qxg7 28. Rh1 Rh8 29. Na5 Rxh1+ 30. Qxh1 Qg1+ 31.
Qxg1 Bxg1 32. Bf5 Bb6 33. Nc4 Kd8 34. Be4 Nc5 35. Bf5 d5 36. Ne3 c6 37. Ng4 Ne4 38. Bxe4 dxe4 39. Nxf6 e3 40. Kc1 Ke7 41. Ng4 Ke6 42.
Kd1 1/2-1/2

[Event "ONJK DE"]
[Site "Enschede, Netherlands"]
[Date "2022.08.10"]
[Round "7.1"]
[White "Groenewoud, Joel"]
[Black "Terlouw, Wouter"]
[Result "1-0"]
[TimeControl "40min + 30sec/move"]
[WhiteElo "1497"]
[BlackElo "1720"]

1. e4 c5 2. Nf3 Nc6 3. d4 cxd4 4.
Nxd4 g6 5. c4 Bg7 6. Be3 Nf6 7. Nc3 Ng4 8. Nxc6 Nxe3 9. Nxd8 Nxd1 10. Rxd1 Bxc3+ 11. bxc3 Kxd8 12. h4 h6 13. Bd3 b6 14.
Ke2 Ba6 15. c5 Bxd3+ 16. Rxd3 bxc5 17. Rhd1 d6 18. e5 Re8 19. Kf3 Kd7 20. exd6 e6 21. g4 Rab8 22. R3d2 Rb6 23. g5 h5 24.
Ke4 Rb5 25. c4 Rb4 26. Rc2 e5 27. Kd5 Rb6 28. Rcd2 Rc6 29. Ke4 Re6 30. Rb1 Rb6 31. Rxb6 axb6 32. Rd5 Rxd6 33. Kxe5 Rxd5+ 34. Kxd5 Ke7 35. Kc6 f6 36. f4 1-0

[Event "ONJK DE"]
[Site "Enschede, Netherlands"]
[Date "2022.08.10"]
[Round "7.2"]
[White "Breider, Jayden"]
[Black "Frederiks, Jesse"]
[Result "0-1"]
[TimeControl "40min + 30sec/move"]
[WhiteElo "1350"]
[BlackElo "1302"]

1. e4 e6 2. d4 d5 3. e5 c5 4. c3 Nc6 5. Nf3 Qb6 6. Bd3 Bd7 7. O-O cxd4 8. cxd4 Bb4 9. Be3 Rc8 10.
a3 Bf8 11. Qd2 Nge7 12. Nc3 Ng6 13. Rac1 Be7 14. Rfe1 O-O 15. Na4 Qd8 16. b4 Na5 17. Qd1 Rxc1 18. Bxc1 Nc4 19. Bxc4 dxc4 20. Nc5 Bxc5 21. bxc5 Bc6 22. Re3 Ne7 23.
Bb2 Nd5 24. Re2 Qa5 25. Qa1 c3 26. Bc1 Bb5 27. Re1 Bd3 28. Ng5 c2 29. Nf3 Rc8 30. Qb2 b6 31. cxb6 axb6 32. Bd2 Qa4 33.
Rc1 b5 34. Ne1 Bg6 35. h4 h6 36. h5 Bh7 37. Bb4 Rc4 38. Bd2 Bf5 39. f3 Rxd4 40. Bc3 Rd1 41. Bb4 Qa7+ 42. Kh2 Qc7 43.
Bd6 Qc3 44. Qxc3 Nxc3 45. Rxc2 Bxc2 46. Nxc2 Rd2 47. Na1 Ra2 48. Nb3 Nd5 49. Kh3 Nf4+ 50. Kg3 Nxg2 51. Nd4 Rb2 52. Bb4 Ne3 53.
Nxb5 Nc2 54. Nc3 Nxb4 55. axb4 Rxb4 56. Ne4 f6 57. exf6 gxf6 58. Nxf6+ Kf7 59. Ng4 Kg7 60. Kf2 Rb5 61.
f4 Rxh5 62. Kg3 Ra5 63. Ne5 Kf6 64. Ng4+ Kg6 65. Nh2 Kf5 66. Ng4 Ra3+ 67. Kh4 h5 68. Nf2 Kxf4 69. Kxh5 e5 70. Kh4 e4 71.
Nh3+ Rxh3 72. Kxh3 Kf3 73. Kh2 Kf2 74. Kh1 e3 75. Kh2 e2 76. Kh3 e1=Q 0-1